 Dungeon Crawl Stone Soup version 0.27.1-1-g398f81649c (webtiles) character file.

Game seed: 5573567860156447052

14 101zpm the Skirmisher (level 2, -3/19 HPs)
             Began as a Gargoyle Fighter on Sept 19, 2021.
             Slain by a water moccasin (5 damage)
             ... on level 5 of the Dungeon.
             The game lasted 00:00:45 (469 turns).

101zpm the Skirmisher (Gargoyle Fighter)             Turns: 469, Time: 00:00:45

Health: -3/19      AC:  9    Str: 19    XL:     2   Next: 41%
Magic:  2/2        EV:  7    Int:  8    God:
Gold:   19         SH:  9    Dex:  9    Spells: 1/1 levels left

rFire    . . .     SeeInvis .   a - +0 flail
rCold    . . .     Faith    .   c - +0 kite shield
rNeg     + . .     Spirit   .   b - +0 scale mail
rPois    ∞         Reflect  .   (no helmet)
rElec    +         Harm     .   (no cloak)
rCorr    .         Rampage  .   (no gloves)
Will     .....                  (no boots)
Stlth    ..........             (no amulet)
HPRegen  0.06/turn              (no ring)
MPRegen  0.08/turn              (no ring)

@: no status effects
A: sickness immunity, AC +2, negative energy resistance 1, electricity
resistance, torment resistance 1, petrification resistance
a: no special abilities


You were on level 5 of the Dungeon.
You visited 1 branch of the dungeon, and saw 5 of its levels.

You collected 19 gold pieces.

Inventory:

Hand Weapons
 a - a +0 flail (weapon)
Missiles
 e - 13 stones (quivered)
Armour
 b - a +0 scale mail (worn)
 c - a +0 kite shield (worn)
Potions
 d - a potion of might


   Skills:
 + Level 3.4 Fighting
 + Level 2.4 Maces & Flails
 + Level 3.4 Armour
 + Level 0.1 Dodging
 + Level 3.4 Shields


You had one spell level left.
You didn't know any spells.
Your spell library was empty.

Dungeon Overview and Level Annotations

Branches:
Dungeon (5/15)
 Temple: D:4-7

Altars:


Innate Abilities, Weirdness & Mutations

You are immune to sickness and miasma.
Your stone body is resilient. (AC +2)
You are immune to poison.
You resist negative energy. (rN+)
You are resistant to electric shocks. (rElec)
You are resistant to unholy torment.
You are immune to petrification.


Message History

No target in view!
No target in view!
You see here a +0 dagger.
There is a stone staircase leading down here.
You climb downwards.
Found a glowing battleaxe and 11 gold pieces.
There is a stone staircase leading up here.
Found 13 gold pieces.
Found a scroll labelled GAENIS VIENG.
A water moccasin comes into view.
You miss the water moccasin.
The water moccasin bites you but does no damage.
You block the water moccasin's attack.
You hit the water moccasin.
The water moccasin is lightly wounded.
The water moccasin bites you. x2
You miss the water moccasin.
The water moccasin is lightly wounded.
The water moccasin bites you but does no damage. x2
You block the water moccasin's attack.
You barely miss the water moccasin.
The water moccasin is lightly wounded.
The water moccasin barely misses you.
The water moccasin bites you but does no damage.
Your scale mail prevents you from hitting the water moccasin.
The water moccasin is lightly wounded.
The water moccasin barely misses you. x2
You hit the water moccasin but do no damage.
The water moccasin is lightly wounded.
The water moccasin bites you but does no damage.
The water moccasin bites you.
You barely miss the water moccasin.
The water moccasin is lightly wounded.
The water moccasin bites you but does no damage.
The water moccasin bites you!
* * * LOW HITPOINT WARNING * * *
You closely miss the water moccasin.
The water moccasin is lightly wounded.
You block the water moccasin's attack. The water moccasin bites you.
You die...

....##... ##..
......... ...##
......#.# ....###
.....$..####......#
.............).....
..?.....##.........
...................
#......@S....#
##.............
##^.......$....
#.<...........#
#..........#..#
#......##.#....
#...#..## ..#..#
.....#..# ..##.
..........


You could see a water moccasin.

Vanquished Creatures
  A bat (D:2)
  3 endoplasms
  A giant cockroach (D:1)
  2 goblins
  A hobgoblin (D:2)
  A kobold (D:3)
  A frilled lizard (D:2)
  A rat (D:1)
11 creatures vanquished.

Notes
Turn   | Place    | Note
-------+----------+-------------------------------------------
     0 | D:1      | 101zpm the Gargoyle Fighter began the quest for the Orb.
     0 | D:1      | Reached XP level 1. HP: 14/14 MP: 1/1
   226 | D:2      | Reached XP level 2. HP: 19/19 MP: 2/2
   453 | D:5      | Entered Level 5 of the Dungeon
   459 | D:5      | Noticed a water moccasin
   469 | D:5      | Slain by a water moccasin

Illustrated notes

Levels and vault maps discovered:
D:1:      giann_wishing_wells, layout_basic,
          hellmonk_ecumenical_altar_arch_garden, minmay_lizard_king
D:2:      minmay_evil_eye, layout_rooms
D:3:      layout_loops_corners, mainiacjoe_overflow_catwalk,
          minmay_misc_feat_tower, uniq_grinder, uniq_jessica
D:4:      layout_rooms, zin_academy, lemuel_round_altar,
          minmay_temple_entry_glassed_door, chequers_serial_rivers_micro_c,
          minmay_bent
D:5:      layout_cave_pools, due_unseen_surprise, uniq_ijyb,
          uniq_crazy_yiuf_cottage, uniq_eustachio

Action                   || total
-------------------------++-------
Melee: Flail             ||    60
Armor: Scale mail        ||    33
Dodge: Dodged            ||    16
Block: Kite shield       ||    29
